 Dungeon Crawl Stone Soup version 0.20.0-15-g7f486f2 (webtiles) character file.

3165 McKennaii the Cudgeler (level 9, -6/68 HPs)
             Began as a Demonspawn Fighter on June 29, 2017.
             Was an Initiate of Qazlal.
             Mangled by a death yak (21 damage)
             ... on level 8 of the Dungeon.
             The game lasted 00:15:54 (7429 turns).

McKennaii the Cudgeler (Demonspawn Fighter)         Turns: 7429, Time: 00:15:54

Health: -6/68      AC: 13    Str: 19    XL:     9   Next: 63%
Magic:  9/9        EV: 10    Int:  9    God:    Qazlal [......]
Gold:   386        SH: 11    Dex: 14    Spells: 8/8 levels left

rFire    . . .     SeeInvis .   J - +5 flail
rCold    + + .     Gourm    .   c - +0 shield
rNeg     . . .     Faith    .   b - +0 scale mail
rPois    .         Spirit   .   (helmet restricted)
rElec    .         Reflect  .   (no cloak)
rCorr    +         Harm     .   (no gloves)
MR       .....                  a - +2 pair of boots
Stlth    ..........             L - amulet of regeneration
Regen    0.7/turn               p - ring of protection from cold
MPRegen  0.2/turn               E - ring of resist corrosion

@: vulnerable, very slightly contaminated
A: antennae 1, slimy green scales 2, cold resistance 1, spiny 1
a: Renounce Religion


You were on level 8 of the Dungeon.
You worshipped Qazlal.
Qazlal was noncommittal.
You were very hungry.

You visited 2 branches of the dungeon, and saw 9 of its levels.
You also visited: Ossuary.

You collected 414 gold pieces.
You spent 28 gold pieces at shops.

Inventory:

Hand Weapons
 J - a +5 flail (weapon)
Armour
 a - a +2 pair of boots (worn)
 b - a +0 scale mail (worn)
 c - a +0 shield (worn)
 I - a +0 large shield
Jewellery
 e - a +3 amulet of reflection
 k - an uncursed ring of magical power
 p - a ring of protection from cold (left hand)
 E - a ring of resist corrosion (right hand)
 L - an amulet of regeneration (around neck)
 P - an uncursed ring of poison resistance {unknown}
Wands
 w - a wand of polymorph (11/24)
 F - a wand of lightning (10/15)
 K - a wand of iceblast (8/15)
 R - a wand of flame (32/48)
 S - a wand of confusion (23/48)
Scrolls
 h - 5 scrolls of identify
 j - a scroll of enchant armour
 n - 2 scrolls of recharging
 o - a scroll of immolation {unknown}
 q - 7 scrolls of remove curse
 r - a scroll of amnesia {unknown}
 v - a scroll of teleportation {unknown}
 x - a scroll of fog
 y - a scroll of noise {unknown}
 z - a scroll of blinking
 C - a scroll of vulnerability
 H - a scroll of enchant weapon
 O - a scroll of magic mapping {unknown}
Potions
 d - a potion of might
 i - 3 potions of curing
 l - 3 potions of heal wounds
 m - 7 potions of haste {unknown}
 s - a potion of brilliance {unknown}
 t - a potion of mutation {unknown}
 u - a potion of cancellation {unknown}
 A - a potion of degeneration {unknown}
 B - 3 potions of flight {unknown}
 D - 2 potions of invisibility {unknown}
 N - 2 potions of agility {unknown}
Books
 T - a book of Debilitation

   Spells                             Type                      Level
   a - Corona                         Hexes                        1
   b - Slow                           Hexes                        2
   c - Inner Flame                    Hexes/Fire                   3
   d - Portal Projectile              Hexes/Translocation          3
   e - Cause Fear                     Hexes                        4
   f - Leda's Liquefaction            Hexes/Earth                  4
Comestibles
 f - 8 bread rations
 g - 4 royal jellies
 G - a meat ration
 M - 3 fruits


   Skills:
 + Level 5.6 Fighting
 + Level 7.4 Maces & Flails
 + Level 5.5 Armour
 + Level 3.6 Dodging
 + Level 1.5 Stealth
 + Level 7.0 Shields


You had 8 spell levels left.
You didn't know any spells.

Dungeon Overview and Level Annotations

Branches:
Dungeon (8/15)             Temple (1/1) D:6
   Lair: D:8-11

Altars:
Cheibriados
Elyvilon
Gozag
Hepliaklqana
Kikubaaqudgha
Okawaru
Qazlal
Ru
Sif Muna
Uskayaw
Yredelemnul
Zin
The Shining One

Shops:
D:5 :*(

Annotations:
D:7 Erica


Innate Abilities, Weirdness & Mutations

You have a pair of small antennae on your head.
You are mostly covered in slimy green scales. (AC +3)
Your flesh is cold resistant. (rC+)
You are partially covered in sharp spines.


Message History

You block the death yak's attack.
Blink to where?
Press: ? - help, Dir - move target cursor You are very lightly contaminated with residual magic.
As you read the scroll labeled ZAWEOCE XYGI, it crumbles to dust.
It was a scroll of blinking.
You block the death yak's attack.
There is a stone staircase leading down here.
You can't go up here!
You can't go up here!
The death yak gores you!
* * * LOW HITPOINT WARNING * * *
You climb downwards.
A death yak comes into view.
The death yak bellows!
You hear a deafening roar!
You hear a chilling moan.
A hell rat and a quasit come into view.
There is a stone staircase leading up here.
A rat comes into view.
A rat comes into view.
The death yak gores you!!
You die...

##........#
#......<#.#.........
#.......#...........
#...................
#..$......r.5.......
#.#.................
. #............#....
........>Y........
##.......@.<.......
.........Y...#...
.....
#................
....##
#####.....#.#....
.....# #......#.#
r.. .....#
#......#.# .. .....#
#.?....# # . ....^#
#.r....# .....###
.....#..


You could see 2 death yaks, a hell rat, a quasit and 2 rats.

Vanquished Creatures
  A death yak (D:6)
  A hornet (D:7)
  A hippogriff (D:7)
  An ice beast (D:7)
  A phantom (D:4)
  2 centaurs
  A big kobold (D:7)
  An elf zombie (Ossuary)
  A bullfrog (D:7)
  A wyvern skeleton (D:8)
  5 scorpions
  2 crimson imps (D:7)
  A quasit (D:7)
  2 gnoll shamans
  A jelly (D:7)
  3 centaur zombies
  A hound (D:7)
  2 orc wizards
  3 bullfrog skeletons
  A centaur skeleton (D:6)
  4 iguanas
  5 worker ants
  A hound zombie (D:6)
  2 mummies (Ossuary)
  Robin (D:2)
  17 gnolls
  13 adders
  A shadow imp (D:7)
  3 oozes
  2 adder zombies
  2 adder skeletons
  3 worms
  2 dart slugs
  4 leopard geckos
  22 orcs
  9 giant cockroaches
  17 goblins
  8 hobgoblins
  18 jackals
  6 quokkas
  A ball python (D:4)
  8 bats
  2 frilled lizards
  A goblin zombie (D:5)
  10 hobgoblin zombies (Ossuary)
  5 jackal zombies (Ossuary)
  7 kobolds
  7 kobold zombies (Ossuary)
  A leopard gecko skeleton (D:5)
  8 orc zombies (Ossuary)
  8 rats
  3 rat zombies
233 creatures vanquished.

Vanquished Creatures (others)
  A centaur (D:6)
1 creature vanquished.

Grand Total: 234 creatures vanquished

Notes
Turn   | Place    | Note
-------+----------+-------------------------------------------
     0 | D:1      | McKennaii the Demonspawn Fighter began the quest for the Orb.
     0 | D:1      | Reached XP level 1. HP: 18/18 MP: 1/1
    91 | D:1      | Gained mutation: You are partially covered in slimy green scales. (AC +2) [demonic ancestry]
    91 | D:1      | Reached XP level 2. HP: 23/24 MP: 2/2
   652 | D:2      | Noticed Robin
   653 | D:2      | Gained mutation: You have a pair of small antennae on your head. [demonic ancestry]
   653 | D:2      | Reached XP level 3. HP: 22/29 MP: 3/3
   810 | D:2      | Killed Robin
   889 | D:2      | Gained mutation: You are mostly covered in slimy green scales. (AC +3) [demonic ancestry]
   889 | D:2      | Reached XP level 4. HP: 35/35 MP: 4/4
  1448 | D:2      | Found a sacrificial altar of Ru.
  1836 | D:3      | Gained mutation: Your flesh is cold resistant. (rC+) [demonic ancestry]
  1836 | D:3      | Reached XP level 5. HP: 38/41 MP: 5/5
  2816 | D:3      | Reached skill level 1 in Dodging
  3051 | D:4      | Gained mutation: You are partially covered in sharp spines. [demonic ancestry]
  3051 | D:4      | Reached XP level 6. HP: 36/48 MP: 6/6
  3817 | D:4      | Reached XP level 7. HP: 33/54 MP: 7/7
  4205 | D:5      | Entered Level 5 of the Dungeon
  4271 | D:5      | Found a sand-covered staircase.
  4304 | Ossuary  | Entered an ossuary
  4384 | Ossuary  | Reached skill level 5 in Shields
  4619 | D:5      | Found Wibiycla's Book Boutique.
  4630 | D:5      | Reached XP level 8. HP: 58/61 MP: 8/8
  4638 | D:5      | Found Zabbuaq's General Store.
  4642 | D:5      | Bought a scroll of identify for 28 gold pieces
  4718 | D:5      | Found Bekuac's Weapon Boutique.
  5649 | D:6      | Found a basalt altar of Yredelemnul.
  5649 | D:6      | Found a glowing golden altar of the Shining One.
  5649 | D:6      | Found a hide-covered altar of Uskayaw.
  5695 | D:6      | Reached skill level 5 in Maces & Flails
  5704 | D:6      | Found a hazy altar of Hepliaklqana.
  5781 | D:6      | Found a staircase to the Ecumenical Temple.
  5908 | D:6      | Found a deep blue altar of Sif Muna.
  6049 | D:7      | Noticed a hippogriff
  6057 | D:7      | Reached skill level 1 in Stealth
  6064 | D:7      | Killed a hippogriff
  6304 | D:7      | Found a glowing silver altar of Zin.
  6362 | D:7      | Reached skill level 5 in Fighting
  6419 | Temple   | Entered the Ecumenical Temple
  6425 | Temple   | Became a worshipper of Qazlal Stormbringer
  6495 | D:7      | Reached XP level 9. HP: 68/68 MP: 9/9
  6559 | D:7      | Reached skill level 5 in Armour
  6918 | D:8      | Noticed a two-headed ogre
  7013 | D:8      | Noticed a death yak
  7013 | D:8      | Noticed Erica
  7015 | D:8      | Noticed a death yak
  7313 | D:6      | Killed a death yak
  7427 | D:8      | Noticed a death yak
  7429 | D:8      | Mangled by a death yak

Skill      XL: |  1  2  3  4  5  6  7  8  9 |
---------------+----------------------------+-----
Maces & Flails | 2 3 4 6 7 |  7.4
Shields        | 3 4 5 6 7 |  7.0
Armour         | 3 4 5 |  5.5
Dodging        | 1 2 3 |  3.6
Fighting       | 4 5 |  5.6
Stealth        | 1 |  1.5

Action                   |  1- 3 |  4- 6 |  7- 9 || total
-------------------------+-------+-------+-------++-------
Melee: Flail             |   128 |   305 |   380 ||   813
  Use: Potion            |       |     1 |     1 ||     2
       Scroll            |       |       |     8 ||     8
  Eat: Chunk             |       |    10 |    11 ||    21
Armor: Scale mail        |    89 |   129 |   154 ||   372
Dodge: Dodged            |    24 |    85 |   126 ||   235
Block: Shield            |    63 |   225 |   309 ||   597
       Reflection        |       |       |     5 ||     5
